 Dungeon Crawl Stone Soup version 0.22.1-1-ga44c0e5 (webtiles) character file.

219 Anon1729 the Skirmisher (level 5, -9/46 HPs)
             Began as a Ghoul Gladiator on Oct 25, 2018.
             Mangled by an orc priest
             ... wielding a +0 mace
              (10 damage)
             ... on level 3 of the Dungeon on Oct 27, 2018.
             The game lasted 00:04:23 (2292 turns).

Anon1729 the Skirmisher (Ghoul Gladiator)           Turns: 2292, Time: 00:04:24

Health: -9/46      AC:  6    Str: 18    XL:     5   Next: 96%
Magic:  4/4        EV: 13    Int:  4    God:
Gold:   135        SH:  0    Dex: 10    Spells: 4/4 levels left

rFire    + + .     SeeInvis .   a - +0 quarterstaff
rCold    . . .     Gourm    .   (shield currently unavailable)
rNeg     + + +     Faith    .   b - +1 leather armour
rPois    ∞         Spirit   .   c - +0 helmet
rElec    .         Reflect  .   i - +0 cloak
rCorr    .         Harm     .   (no gloves)
MR       .....                  (no boots)
Stlth    +.........             (no amulet)
HPRegen  0.00/turn              h - ring of protection from fire
MPRegen  0.09/turn              m - ring of fire

@: about to teleport, rotting, slowed, very slow
A: rotting body, claws 1, carnivore, cold resistance 1, negative energy
resistance 3, inhibited regeneration, torment resistance, unbreathing
a: no special abilities


You were on level 3 of the Dungeon.
You were not hungry.

You visited 1 branch of the dungeon, and saw 4 of its levels.

You collected 135 gold pieces.

Inventory:

Hand Weapons
 a - a +0 quarterstaff (weapon)
Armour
 b - a +1 leather armour (worn)
 c - a +0 helmet (worn)
 i - a +0 cloak (worn)
Jewellery
 h - a ring of protection from fire (left claw)
 m - a ring of fire (right claw)
 q - an uncursed amulet of regeneration {unknown}
Scrolls
 e - 2 scrolls of remove curse
 j - 2 scrolls of teleportation
 k - 2 scrolls of enchant armour
 l - a scroll of fear {unknown}
 o - 3 scrolls of identify {unknown}
 p - a scroll of enchant weapon {unknown}
Comestibles
 f - 5 rations
 g - a chunk of flesh


   Skills:
 + Level 3.7 Fighting
 + Level 3.7 Staves
 - Level 1.7 Throwing
 + Level 2.2 Armour
 + Level 3.7 Dodging


You had 4 spell levels left.
You didn't know any spells.
Your spell library was empty.

Dungeon Overview and Level Annotations

Branches:
Dungeon (4/15)
 Temple: D:4-7

Altars:
Fedhas
Gozag
Zin


Innate Abilities, Weirdness & Mutations

Your body is rotting away.
You thrive on raw meat.
You are immune to poison.
You have sharp fingernails.
You are carnivorous and can eat meat at any time.
Your flesh is cold resistant. (rC+)
You are immune to negative energy. (rN+++)
You do not regenerate when monsters are visible.
You are immune to unholy pain and torment.
You can survive without breathing.


Message History

The orc wizard hits you with a dagger.
* * * LOW HITPOINT WARNING * * *
The orc wizard barely misses you.
You climb upwards.
There is a stone staircase leading down here.
You aren't carrying any potions.
Unknown command.
As you read the scroll labeled GAROCUFFI FUMO, it crumbles to dust.
It is a scroll of enchant armour.
Your +0 leather armour glows green for a moment.
The orc wizard hits you but does no damage.
The orc wizard completely misses you. The orc priest barely misses you.
The orc wizard barely misses you.
As you read the scroll labeled WOTOUBAUTA, it crumbles to dust.
You feel strangely unstable.
It was a scroll of teleportation.
The orc wizard closely misses you. The orc priest closely misses you.
The orc wizard hits you with a dagger.
* * * LOW HITPOINT WARNING * * *
The orc priest hits you with a mace!
You die...

....####..........#..._...#
.)..####.............P.P.##
...........[......##.....#####
##.#####................##...##
#.#####..........##..........##
##.#..............#............#
#......#..........#............#
........(.......o.#............#
#.......###....#@.##..........##
........###...#o.........#...##
.#......##...........#...#####
.##.#.#.....).###.##...###
.##...##....#.# #....####
.##...#....##.###.<.....#
.#......#.^##..##.#.....#
...##.............#.....#
..###...##..............#


You could see an orc priest and an orc wizard.

Vanquished Creatures
  A bullfrog skeleton (D:4)
  Terence (D:3)
  An iguana (D:4)
  7 adders
  An adder skeleton (D:2)
  3 worms
  3 dart slugs
  A leopard gecko (D:2)
  An orc (D:4)
  3 giant cockroaches
  2 goblins
  13 hobgoblins
  4 jackals
  4 kobolds
  7 bats
  6 frilled lizards
  6 rats
64 creatures vanquished.

Notes
Turn   | Place    | Note
-------+----------+-------------------------------------------
     0 | D:1      | Anon1729 the Ghoul Gladiator began the quest for the Orb.
     0 | D:1      | Reached XP level 1. HP: 17/17 MP: 0/0
   176 | D:1      | Reached XP level 2. HP: 19/25 MP: 1/1
   556 | D:1      | Reached XP level 3. HP: 24/30 MP: 2/2
   577 | D:1      | Reached skill level 1 in Armour
  1086 | D:2      | Reached XP level 4. HP: 31/37 MP: 3/3
  1392 | D:2      | Found an opulent altar of Gozag.
  1392 | D:2      | Found a glowing silver altar of Zin.
  1649 | D:3      | Noticed Terence
  1716 | D:3      | Found a blossoming altar of Fedhas.
  1784 | D:3      | Killed Terence
  1784 | D:3      | Reached XP level 5. HP: 35/45 MP: 4/4
  2284 | D:4      | HP: 1/46 [orc priest/divine providence (12)]
  2289 | D:4      | HP: 2/46 [orc wizard/dagger (3)]
  2292 | D:3      | Mangled by an orc priest

Skill      XL: |  1  2  3  4  5 |
---------------+----------------+-----
Staves         | 3 |  3.7
Dodging        | 3 |  3.7
Armour         | 1 2 |  2.2
Fighting       | 3 |  3.7
Throwing       | |  1.7

Action                   |  1- 3 |  4- 6 || total
-------------------------+-------+-------++-------
Melee: Quarterstaff      |   100 |   106 ||   206
Throw: Throwing net      |       |     3 ||     3
  Use: Scroll            |       |     3 ||     3
       Potion            |       |     1 ||     1
  Eat: Chunk             |     2 |    10 ||    12
Armor: Leather armour    |    41 |    36 ||    77
Dodge: Dodged            |    72 |    70 ||   142
